AoeStats
← JohnNielsen4140

Black Forest

509525611Analyzed
4v4 RM · 6d ago on Sep 27, 2026· 60m 16s· 8 players
Game mode
Random Map
Map size
Large (8 player)
Population
200
Speed
Normal
Resources
Standard
Victory
Conquest
Starting age
Dark Age
Ending age
Imperial Age
RankedLock teamsTeams togetherTeam positionsShared explorationLock speedFull tech treeHidden civsTurbo modeCheats
Victory
Defeat
🇨🇳 Franks · China
889
+17
🇺🇸 Danes · United States
888
+17
🇲🇽 Mapuche · Mexico
873
+18
🇲🇽 Britons · Mexico
867
+18
🇺🇸 Hindustanis · United States
1029
-23
🇺🇸 Dravidians · United States
1013
-21
🇹🇼 Varangians · Taiwan
835
-14
🇺🇸 Khmer · United States
778
-31
JohnNielsen4140
12:34 Feudal Age
10:52 Loom
13:31 Double-Bit Axe
16:49 Fletching
16:59 Padded Archer Armor
17:45 Gold Mining
17:45 Stone Mining
19:41 Wheelbarrow
19:33 Arson
22:59 Horse Collar
25:28 Castle Age
26:41 Bodkin Arrow
27:02 Leather Archer Armor
26:12 Crossbowman
28:30 Bow Saw
29:34 Caravan
30:24 Pikeman
31:06 Squires
30:58 Gambesons
34:52 Gold Shaft Mining
36:49 Imperial Age
35:13 Ballistics
34:34 Treadmill Crane
34:50 Murder Holes
35:08 Fortified Wall
35:14 Masonry
35:13 Heavy Plow
36:48 Forging
36:38 Scale Mail Armor
37:06 Hand Cart
38:40 Chemistry
37:49 Arbalester
39:34 Yeomen
40:38 Two-Man Saw
40:26 Town Watch
41:14 Warwolf
41:34 Conscription
41:29 Bracer
42:01 Ring Archer Armor
41:44 Elite Longbowman
43:25 Capped Ram
45:28 Coinage
45:09 Guilds
45:48 Town Patrol
49:53 Architecture
51:18 Hoardings
52:05 Halberdier
54:15 Iron Casting
53:55 Chain Mail Armor
TheDukeofWrenches
0:30 Loom
14:35 Feudal Age
15:14 Gold Mining
15:20 Double-Bit Axe
19:19 Castle Age
20:21 Horse Collar
22:19 Wheelbarrow
24:26 Bow Saw
25:46 Gold Mining
27:15 Gold Shaft Mining
30:00 Scale Mail Armor
30:06 Squires
34:55 Imperial Age
33:49 Hand Cart
34:59 Heavy Plow
38:02 Siege Engineers
38:58 Chemistry
38:10 Masonry
38:41 Chain Mail Armor
38:36 Forging
38:19 Arson
37:54 Elite Varangian Guard
39:22 Conscription
39:22 Northmen's Fury
39:23 Elite Jomsviking
40:40 Caravan
40:42 Capped Ram
40:42 Onager
42:00 Siege Ram
43:24 Ballistics
43:00 Murder Holes
44:07 Siege Onager
46:03 Iron Casting
45:58 Plate Mail Armor
45:18 Fletching
45:28 Padded Archer Armor
45:03 Man-at-Arms
45:29 Gambesons
45:04 Pikeman
46:07 Long Swordsman
46:11 Hamask
56:51 Halberdier
Dodge Attitude
7:32 Loom
14:09 Feudal Age
14:43 Double-Bit Axe
15:38 Wheelbarrow
15:12 Horse Collar
22:21 Castle Age
23:17 Heavy Plow
23:33 Bow Saw
23:30 Elite Skirmisher
23:33 Pikeman
25:32 Hand Cart
26:17 Stone Mining
26:41 Fletching
26:53 Scale Mail Armor
27:04 Forging
27:17 Gold Mining
29:45 Town Watch
32:44 Iron Casting
32:11 Padded Archer Armor
36:44 Imperial Age
34:17 Town Patrol
34:59 Malon
38:05 Conscription
39:34 Ballistics
39:31 Murder Holes
40:38 Chemistry
40:03 Butalmapu
39:58 Elite Kona
42:03 Blast Furnace
41:28 Leather Archer Armor
41:10 Bodkin Arrow
41:48 Halberdier
43:17 Elite Bolas Rider
56:38 Onager
xiaozhao
1:46 Loom
16:41 Feudal Age
18:18 Double-Bit Axe
25:29 Castle Age
25:39 Wheelbarrow
24:51 Town Watch
30:37 Pikeman
31:18 Squires
31:03 Gambesons
31:04 Arson
31:50 Scale Mail Armor
32:02 Forging
33:08 Gold Mining
35:50 Bow Saw
37:08 Scale Barding Armor
39:29 Gold Shaft Mining
38:45 Stone Mining
39:15 Husbandry
38:36 Light Cavalry
43:33 Imperial Age
41:19 Hand Cart
42:36 Fortified Wall
42:22 Murder Holes
43:39 Halberdier
44:46 Chain Barding Armor
44:42 Chain Mail Armor
45:03 Iron Casting
43:52 Cavalier
45:16 Paladin
48:19 Plate Barding Armor
48:16 Plate Mail Armor
50:14 Conscription
51:27 Blast Furnace
51:13 Hoardings
51:41 Caravan
WingmanAndy
12:53 Feudal Age
13:10 Loom
17:17 Horse Collar
17:25 Double-Bit Axe
17:35 Gold Mining
21:57 Castle Age
30:34 Imperial Age
29:04 Stone Mining
29:50 Gold Shaft Mining
29:52 Coinage
29:36 Caravan
32:14 Heavy Plow
32:29 Bow Saw
32:58 Stone Shaft Mining
33:29 Banking
35:57 Ballistics
36:38 Chemistry
35:55 Forging
35:54 Scale Barding Armor
35:42 Fletching
36:27 Heavy Scorpion
38:14 Wheelbarrow
37:31 Town Watch
38:51 Double Crossbow
39:46 Elite Ballista Elephant
40:35 Tusk Swords
43:10 Iron Casting
42:31 Bodkin Arrow
42:57 Chain Barding Armor
44:43 Elite Battle Elephant
45:58 Parthian Tactics
47:13 Conscription
47:32 Hoardings
50:56 Husbandry
51:07 Bloodlines
XxLiOnOfZiOnXx
0:55 Loom
14:03 Feudal Age
15:35 Wheelbarrow
14:48 Double-Bit Axe
16:40 Horse Collar
17:25 Fletching
22:13 Castle Age
21:50 Padded Archer Armor
23:44 Bodkin Arrow
31:56 Bow Saw
32:51 Ballistics
34:51 Leather Archer Armor
35:41 Heavy Plow
38:18 Imperial Age
37:23 Medical Corps
37:37 Thumb Ring
37:45 Scale Barding Armor
37:49 Husbandry
38:12 Forging
38:07 Gold Mining
40:10 Chemistry
39:23 Bracer
39:51 Conscription
40:53 Two-Man Saw
40:51 Crossbowman
42:17 Ring Archer Armor
42:33 Wootz Steel
41:38 Light Cavalry
43:16 Elite Elephant Archer
49:11 Chain Barding Armor
49:29 Iron Casting
49:38 Caravan
thatboybevo
1:13 Loom
15:16 Feudal Age
16:24 Double-Bit Axe
16:58 Horse Collar
22:37 Castle Age
25:44 Wheelbarrow
25:44 Bow Saw
29:41 Masonry
32:58 Heavy Plow
34:05 Hand Cart
35:28 Ballistics
37:52 Imperial Age
39:32 Caravan
40:58 Chemistry
41:56 Thumb Ring
41:46 Fletching
41:56 Padded Archer Armor
42:24 Siege Engineers
47:30 Bodkin Arrow
47:51 Leather Archer Armor
53:09 Elite Skirmisher
57:48 Squires
57:09 Pikeman
森永
9:06 Loom
11:12 Feudal Age
17:38 Castle Age
15:51 Double-Bit Axe
18:00 Stone Mining
19:19 Gold Mining
19:13 Horse Collar
19:47 Bow Saw
20:30 Wheelbarrow
31:33 Imperial Age
29:38 Scale Mail Armor
30:46 Stone Shaft Mining
30:15 Heavy Plow
31:02 Arson
31:57 Hand Cart
31:57 Forging
32:09 Chain Mail Armor
32:32 Gambesons
32:48 Squires
32:56 Elite Varangian Guard
34:58 Iron Casting
37:28 Chemistry
38:36 Two-Man Saw
39:45 Conscription
38:48 Gothikon
38:59 Heavy Scorpion
41:02 Plate Mail Armor
41:51 Ballistics
43:16 Blast Furnace
42:07 Town Watch
43:22 Town Patrol
43:31 Siege Engineers
46:27 Padded Archer Armor
46:17 Fletching
46:30 Murder Holes
46:27 Guard Tower
46:51 Masonry
47:48 Crop Rotation
48:29 Bodkin Arrow
48:50 Leather Archer Armor
48:42 Scale Barding Armor
48:08 Elite Jarl
50:54 Bracer
51:26 Ring Archer Armor
52:56 Capped Ram
54:56 Siege Ram
57:53 Architecture
Connection lost

Rejoining the realm…

Still unreachable

The connection could not be restored.

Session expired

The server has moved on; the page needs a fresh start.